AoeStats
← Lakrini

MegaRandom

505366790Analyzed
4v4 RM · 25d ago on Sep 9, 2026· 34m 53s· 8 players
Game mode
Random Map
Map size
Large (8 player)
Population
200
Speed
Normal
Resources
Standard
Victory
Conquest
Starting age
Dark Age
Ending age
Imperial Age
RankedLock teamsTeams togetherTeam positionsShared explorationLock speedFull tech treeHidden civsTurbo modeCheats
Victory
Defeat
🇺🇸 Chinese · United States
1300
+13
🇨🇴 Cumans · Colombia
1299
+13
🇨🇴 Persians · Colombia
1277
+14
🇨🇴 Ethiopians · Colombia
1179
+17
🇵🇪 Franks · Peru
1251
-15
🇦🇷 Portuguese · Argentina
1246
-16
🇧🇷 Huns · Brazil
1215
-14
🇲🇽 Malians · Mexico
1176
-12
Naco y Estúpido
0:30 Loom
10:39 Feudal Age
11:16 Double-Bit Axe
12:02 Horse Collar
16:16 Fletching
18:09 Padded Archer Armor
22:08 Castle Age
21:27 Scale Barding Armor
21:32 Forging
22:37 Bloodlines
23:42 Bow Saw
27:07 Chain Barding Armor
27:57 Husbandry
31:53 Iron Casting
32:26 Bodkin Arrow
LmC_Mr.Brown 2001
6:15 Loom
8:26 Feudal Age
9:09 Double-Bit Axe
10:37 Forging
11:11 Horse Collar
15:11 Scale Barding Armor
18:46 Bloodlines
25:33 Castle Age
25:38 Light Cavalry
26:19 Husbandry
29:25 Bow Saw
34:43 Wheelbarrow
36:55 Imperial Age
seba_aof
0:44 Loom
9:30 Feudal Age
12:32 Bloodlines
17:40 Scale Barding Armor
21:03 Forging
26:55 Castle Age
25:31 Scale Mail Armor
25:15 Horse Collar
26:19 Double-Bit Axe
28:03 Chain Barding Armor
28:10 Husbandry
Fandado
0:37 Loom
8:48 Feudal Age
9:26 Double-Bit Axe
18:39 Fletching
23:17 Castle Age
22:30 Gold Mining
23:45 Scale Barding Armor
24:34 Bow Saw
30:49 Wheelbarrow
35:26 Gold Shaft Mining
34:41 Stone Mining
Heda
8:51 Feudal Age
12:38 Loom
14:16 Padded Archer Armor
14:06 Fletching
21:36 Castle Age
22:33 Crossbowman
23:18 Thumb Ring
30:30 Double-Bit Axe
32:06 Bodkin Arrow
[InFaa] Pacho
5:23 Loom
8:27 Feudal Age
8:55 Double-Bit Axe
16:07 Scale Barding Armor
19:01 Castle Age
16:54 Horse Collar
17:41 Bloodlines
18:15 Forging
19:17 Gold Mining
20:41 Bow Saw
26:41 Wheelbarrow
31:08 Town Watch
31:36 Husbandry
34:23 Chain Barding Armor
Lakrini
0:28 Loom
9:00 Feudal Age
10:21 Double-Bit Axe
15:44 Fletching
18:22 Padded Archer Armor
21:14 Horse Collar
27:52 Castle Age
26:30 Gold Mining
27:47 Wheelbarrow
27:54 Crossbowman
28:30 Bodkin Arrow
29:36 Leather Archer Armor
29:47 Pikeman
30:57 Thumb Ring
31:21 Squires
32:28 Ballistics
AmB
0:36 Loom
8:59 Feudal Age
9:25 Double-Bit Axe
18:52 Horse Collar
20:30 Scale Barding Armor
23:08 Bloodlines
24:06 Forging
29:07 Castle Age
29:19 Wheelbarrow
30:12 Chain Barding Armor
29:15 Light Cavalry
30:49 Iron Casting
32:00 Hand Cart
Connection lost

Rejoining the realm…

Still unreachable

The connection could not be restored.

Session expired

The server has moved on; the page needs a fresh start.